 Dungeon Crawl Stone Soup version 0.31.0-11-ge490571c62 (webtiles) character file.

Game seed: 10624561846564373217

571749 snarfax the Conqueror (level 23, -22/240 HPs)
             Began as a Minotaur Fighter on Feb 2, 2024.
             Was the Champion of Jiyva.
             Killed from afar by an orb of fire (50 damage)
             ... with a bolt of fire
             ... on level 5 of the Realm of Zot.
             The game lasted 02:20:02 (44019 turns).

snarfax the Conqueror (Minotaur Fighter)           Turns: 44019, Time: 02:20:02

Health: -22/240    AC: 52    Str: 31    XL:     23   Next: 61%
Magic:  22/22      EV: 22    Int:  7    God:    Jiyva [******]
Gold:   2531       SH: 34    Dex: 26    Spells: 22/22 levels left

rFire   . . .        o - +9 war axe (vamp)
rCold   + + .        g - +4 tower shield {rN+}
rNeg    + . .        T - +8 orange crystal plate armour {Archmagi, Int+3 Clar}
rPois   +            m - +2 hat
rElec   .            l - +1 cloak
rCorr   +            E - +5 pair of gloves "Ufuy" {Fly rPois Dex+6 Stlth-}
SInv    +            (no boots)
Will    +....        Y - amulet of reflection Stlth
                     K - +4 ring of protection
HPRegen 2.20/turn    J - ring of see invisible
MPRegen 0.98/turn

%: reflection, clarity, archmagi
@: flying
A: horns 2, retaliatory headbutt, hooves 1, iridescent scales 2, thin skeletal
structure 3, agile 1, clarity, cold resistance 2, mutation resistance 2, sense
surroundings 1, acidic bite, pseudopods 2, sturdy frame 1, persistent drain
}: 4/15 runes: barnacled, slimy, silver, gossamer
a: Renounce Religion, Oozemancy, Slimify


You were on level 5 of the Realm of Zot.
You worshipped Jiyva.
Jiyva was exalted by your worship.
You visited 10 branches of the dungeon, and saw 52 of its levels.
You also visited: Sewer, Ice Cave and Volcano.

You collected 4731 gold pieces.
You spent 2200 gold pieces at shops.

Inventory:

Hand Weapons
 o - a +9 vampiric war axe (weapon)
 G - a +5 trishula of holy wrath
 N - a +4 broad axe of flaming
 X - the +4 consecrated labrys {holy, Valiant ^Fragile Fly SInv}
   (You took it off a deep elf death mage on level 3 of the Elven Halls)

   Valiant:   It becomes more powerful as more dangerous foes come into view.
   SInv:      It lets you see invisible.
   Fly:       It grants you flight.
   ^Fragile:  It will be destroyed if unequipped.
Missiles
 n - 34 poisoned darts
 z - 3 silver javelins
 D - 10 curare-tipped darts (quivered)
 R - 6 datura-tipped darts
 W - 16 atropa-tipped darts
Armour
 a - +0 gold dragon scales
 g - a +4 tower shield of positive energy (worn)
 l - a +1 cloak (worn)
 m - a +2 hat (worn)
 r - a +1 pair of boots of flying
 E - the +5 pair of gloves "Ufuy" (worn) {Fly rPois Dex+6 Stlth-}
   (You found it on level 2 of the Spider Nest)

   Dex+6:     It affects your dexterity (+6).
   rPois:     It protects you from poison Fly: It grants you flight.
   Stlth-:    It makes you less stealthy.
 L - a +2 tower shield of cold resistance
 T - the +8 orange crystal plate armour (worn) {Archmagi, Int+3 Clar}
   (You found it on level 5 of the Lair of Beasts)

   Int+3:     It affects your intelligence (+3).
   Clar:      It protects you from confusion, rage, mesmerisation and fear.
Jewellery
 h - a ring of protection from cold
 i - a ring of willpower
 J - a ring of see invisible (right hand)
 K - a +4 ring of protection (left hand)
 M - a ring of protection from cold
 P - an amulet of regeneration
 Y - an amulet of reflection (around neck)
Wands
 c - a wand of iceblast (17)
 j - a wand of acid (20)
 A - a wand of paralysis (34)
 C - a wand of digging (11)
Scrolls
 t - 4 scrolls of fear
 w - 15 scrolls of teleportation
 F - 2 scrolls of poison
 H - 2 scrolls of silence
 Q - 2 scrolls of brand weapon
 S - a scroll of revelation
 U - 2 scrolls of summoning
 V - 4 scrolls of blinking
 Z - 5 scrolls of fog
Potions
 b - 14 potions of curing
 d - 4 potions of might
 e - 4 potions of resistance
 f - a potion of invisibility
 k - 5 potions of lignification
 p - 3 potions of enlightenment
 q - 13 potions of heal wounds
 s - 6 potions of brilliance
 v - 7 potions of cancellation
 x - 8 potions of ambrosia
 y - 3 potions of berserk rage
 B - 6 potions of mutation
 O - 5 potions of haste
Miscellaneous
 u - a phantom mirror
 I - a box of beasts


   Skills:
 O Level 27 Fighting
 + Level 19.8 Axes
 O Level 27 Armour
 + Level 18.6 Dodging
 + Level 21.5 Shields


You had 22 spell levels left.
You didn't know any spells.
Your spell library contained the following spells:

 Spells                   Type           Power      Damage    Failure   Level
 Apportation              Tloc           0%         N/A       94%         1
 Sandblast                Erth           0%         2d4       94%         1
 Shock                    Conj/Air       0%         1d3       94%         1
 Summon Small Mammal      Summ           0%         N/A       94%         1
 Blink                    Tloc           0%         N/A       98%         2
 Call Imp                 Summ           0%         N/A       98%         2
 Ensorcelled Hibernation  Hex/Ice        0%         N/A       98%         2
 Lesser Beckoning         Tloc           0%         N/A       98%         2
 Momentum Strike          Conj/Tloc      0%         3d8       98%         2
 Dazzling Flash           Conj/Hex       0%         N/A       100%        3
 Fugue of the Fallen      Necr           0%         N/A       100%        3
 Ozocubu's Armour         Ice            0%         N/A       100%        3
 Passwall                 Erth           0%         N/A       100%        3
 Stone Arrow              Conj/Erth      0%         3d7       100%        3
 Swiftness                Air            0%         N/A       100%        3
 Volatile Blastmotes      Fire/Tloc      0%         2d10      100%        3
 Airstrike                Air            0%         2d(0-16)  100%        4
 Anguish                  Hex/Necr       0%         N/A       100%        4
 Animate Armour           Summ/Erth      0%         N/A       100%        4
 Brom's Barrelling Bould  Conj/Erth      0%         2d3       100%        4
 Manifold Assault         Tloc           0%         N/A       100%        4
 Summon Blazeheart Golem  Fire/Summ      0%         N/A       100%        4
 Summon Lightning Spire   Summ/Air       0%         N/A       100%        4
 Vhi's Electric Charge    Tloc/Air       0%         N/A       100%        4
 Alistair's Intoxication  Alch           0%         N/A       100%        5
 Arcjolt                  Conj/Air       0%         1d10      100%        5
 Freezing Cloud           Conj/Ice/Air   0%         6-21      100%        5
 Lee's Rapid Deconstruct  Erth           0%         3d4*      100%        5
 Summon Forest            Summ/Tloc      0%         N/A       100%        5
 Summon Mana Viper        Hex/Summ       0%         N/A       100%        5
 Dispersal                Tloc           0%         N/A       100%        6
 Plasma Beam              Fire/Air       0%         2x1d10    100%        6
 Starburst                Conj/Fire      0%         6d3       100%        6
 Summon Cactus Giant      Summ           0%         N/A       100%        6
 Enfeeble                 Hex            0%         N/A       100%        7
 Spellforged Servitor     Conj/Summ      0%         N/A       100%        7
 Disjunction              Tloc           0%         N/A       100%        8
 Maxwell's Capacitive Co  Air            0%         ∞         100%        8


Dungeon Overview and Level Annotations

Branches:
Dungeon (15/15)            Temple (0/1) D:5            Lair (5/5) D:10
 Shoals (4/4) Lair:3       Spider (4/4) Lair:3        Slime (5/5) Lair:5
    Orc (2/2) D:10            Elf (3/3) Orc:2        Vaults (5/5) D:13
  Crypt (0/3) Vaults:3     Depths (4/4) D:15            Zot (5/5) Depths:4
  Sewer (visited)           IceCv (visited)         Volcano (visited)

Altars:
Ashenzari
Cheibriados
Dithmenos
Elyvilon
Fedhas
Gozag
Hepliaklqana
Kikubaaqudgha
Nemelex Xobeh
Qazlal
Ru
Sif Muna
Uskayaw
Vehumet
Xom
Yredelemnul
Jiyva

Shops:
D:2 !   D:6 *   D:8 (   Orc:2 ?*:[   Elf:1 **   Elf:3 !   Shoals:1 (
Shoals:2 *   Vaults:3 *   Vaults:5 (=!   Depths:1 *[==   Depths:2 :
Depths:4 *=:

Portals:
Hell: Depths:2 Depths:4
Abyss: Depths:3
Trove: Vaults:1 (give robe of Marbles)

Annotations:
D:4 2 runed translucent doors, Arctor's ghost, amateur DEFE
D:12 1 runed translucent door, Tinen's ghost, journeyman TrMo
Slime:4 Dissolution
Slime:5 Royal Jelly


Innate Abilities, Weirdness & Mutations

You have a pair of horns on your head.
You reflexively headbutt those who attack you in melee.
You have large cloven feet.
You are mostly covered in iridescent scales. (AC +4)
You have an unnaturally thin skeletal structure. (Dex +6, Stealth+++)
You are agile. (Dex +4, Str/Int -1)
You possess an exceptional clarity of mind.
Your flesh is very cold resistant. (rC++)
You are somewhat resistant to both further mutation and mutation removal.
You passively map a small area around you.
You have acidic saliva.
Armour fits poorly on your large pseudopods.
Your movements are slightly less encumbered by armour. (ER -2)
Your health recovers twice as slowly from being drained.


Message History

Your bludgeon misses the orb of fire.
The orb of fire is heavily damaged.
You miss the orb of fire.
Your quicksilver ooze misses the orb of fire. x2
The orb of fire glows bright magenta.
Strange energies course through your body.
You begin to recover more slowly from draining effects.
Your quicksilver ooze barely misses the orb of fire.
Your quicksilver ooze hits the orb of fire but does no damage.
You slice the orb of fire!! Your kick misses the orb of fire.
You bludgeon the orb of fire, but do no damage.
The orb of fire is severely damaged.
You hit the orb of fire.
You block the yellow draconian's attack.
The orb of fire glows red.
The bolt of fire hits you!!
Your quicksilver ooze hits the orb of fire.
Your quicksilver ooze hits the orb of fire but does no damage.
The orb of fire glows deep purple.
Strange energies course through your body.
You feel odd for a moment.
You are too injured to fight recklessly!
Unknown command.
You are too injured to fight recklessly!
Unknown command.
You are too injured to fight recklessly!
Unknown command.
Unknown command.
Okay, then.
Your quicksilver ooze hits the orb of fire.
Your quicksilver ooze misses the orb of fire.
The orb of fire emits a lurid red light.
The fireball explodes!
The fireball engulfs you!!!!
* * * LOW HITPOINT WARNING * * *
You shudder from the blast and a jelly pops out!
The fireball engulfs your rockslime!
Your rockslime resists.
The orb of fire glows yellow.
The bolt of fire hits you!!!
You die...

.# #..# ##...## ###[.......## .#
##.#####....# ####.......## .#
#.#..[.....## ###.........# .#
#...........# ###.........# .##
#....##...).## ##........... #.#
#..###.......####.........÷?. #.#
#.####....J...##........<.⌠⌠. ###
### #..#..*..J..............# #
##....X*.@.............### ##
##......d......⌠.......####
.######.....................#####
..##.......####...........###
####.######## ▓▓▓################
..........^.# **,,,...........#
...........#* **,,,,.....(......
...........# **........q........
..........## #.....§....k.k..p..


You could see 2 orbs of fire, a yellow draconian, an Orb Guardian, a friendly
rockslime (summoned) and a friendly quicksilver ooze (summoned).

Vanquished Creatures
  Frederick (Vaults:5)
  A dread lich (Vaults:5)
  Mennas (Vaults:2)
  An ancient lich (Zot:5)
  Xtahua (Vaults:2)
  Sojobo (Depths:1)
  Boris (Depths:4)
  A Killer Klown (Zot:5)
  Margery (Depths:4)
  3 golden dragons
  Jory (Vaults:5)
  A bone dragon (Depths:4)
  A hellephant (Depths:4)
  8 tentacled monstrosities
  13 Orb Guardians (Zot:5)
  2 deep elf blademasters (Elf:3)
  A walking frostbound tome (Depths:4)
  4 quicksilver dragons
  A kraken (Shoals:2)
  4 titans (Vaults:5)
  An ancient champion (Elf:2)
  4 sphinxes
  2 deep elf master archers (Elf:3)
  The ghost of Nezug the Mimic, an adept DsSh of Makhleb (Elf:2)
  3 death cobs
  7 storm dragons
  9 tengu reavers
  5 shadow dragons
  3 draconian monks
  The ghost of juan097 the Skirmisher, an adept TeBr of Fedhas (Shoals:3)
  3 draconian knights
  The ghost of Marethyu the Peltast, an adept GrFi of Cheibriados (Spider:4)
  4 frost giants
  An iron dragon (Vaults:5)
  6 fire giants
  5 ghost moths
  25 vault wardens
  4 deep elf sorcerers
  5 emperor scorpions
  2 draconian shifters
  3 deep elf elementalists (Elf:3)
  2 draconian scorchers
  4 orc warlords
  A draconian annihilator (Zot:4)
  The ghost of Sobieck the Spry, an adept SpHu of Gozag (Spider:2)
  19 ironbound preservers
  A reaper (IceCv)
  6 stone giants
  8 ironbound thunderhulks
  8 very ugly things
  5 broodmothers
  2 green draconians
  5 black draconians
  5 yellow draconians
  5 red draconians
  A lorocyproca (Depths:2)
  8 deep elf demonologists
  6 deep elf annihilators
  5 purple draconians
  7 deep elf death magi
  A war gargoyle (Vaults:5)
  5 white draconians
  4 dire elephants
  2 spark wasps
  5 merfolk javelineers
  10 ettins
  6 merfolk impalers
  5 fire dragons
  12 yaktaur captains
  5 entropy weavers
  5 deep elf high priests
  2 rakshasas
  33 vault guards
  A spriggan zombie (Depths:1)
  8 hydras
  2 jorogumos
  A catoblepas (Lair:2)
  6 ice dragons
  3 ogre magi
  5 two-headed ogres
  8 ironbound frosthearts
  4 merfolk aquamancers
  A merfolk avatar (Shoals:1)
  2 radroaches
  4 satyrs
  A sphinx skeleton (Depths:1)
  29 dancing weapons
  5 boulder beetles
  A death knight (D:15)
  Erica (Lair:2)
  4 tengu warriors
  14 centaur warriors
  5 deep troll shamans
  6 demonic crawlers
  A vampire mage (Depths:3)
  6 death yaks (Lair:2)
  9 deep troll earth magi
  A spriggan berserker (Depths:1)
  Urug (Orc:1)
  7 orc high priests
  3 occultists
  20 deep elf knights
  12 hell knights
  A sun demon (Volcano)
  2 skeletal warriors
  5 pharaoh ants
  A shadow wraith (Vaults:5)
  6 skysharks
  3 iron trolls
  A shadow demon (Depths:2)
  A shadow dragon zombie (Depths:1)
  6 sun moths
  48 deep trolls
  13 deep elf archers
  6 orb spiders
  2 flayed ghosts
  10 steelbarb worms
  7 sea snakes
  14 harpies
  25 ironbound convokers
  6 orc knights
  3 phantasmal warriors
  8 arcanists
  2 necromancers
  7 lindwurms
  28 deep elf zephyrmancers
  24 ugly things
  29 deep elf pyromancers
  21 wolf spiders
  7 orc sorcerers
  A salamander (shapeshifter) (Elf:1)
  18 moths of wrath
  A stone giant zombie (Depths:1)
  3 meliai (D:14)
  9 fauns
  11 cyclopes
  A meliai (shapeshifter) (D:14)
  A kobold blastminer (Orc:2)
  13 manticores
  9 elephants
  3 merfolk sirens
  2 ice statues (IceCv)
  Maurice (Orc:1)
  14 vault sentinels
  A molten gargoyle (Volcano)
  3 water nymphs
  3 black mambas
  4 torpor snails
  8 cane toads
  An unseen horror (shapeshifter) (Elf:1)
  22 yaktaurs
  A kobold demonologist (Depths:2)
  An unseen horror (D:10)
  2 anaconda simulacra (IceCv)
  11 komodo dragons
  2 rime drakes
  5 freezing wraiths
  6 ice devils (IceCv)
  A komodo dragon (shapeshifter) (D:14)
  3 tengu conjurers (Depths:2)
  Psyche (D:7)
  A red devil (Volcano)
  14 trolls
  12 merfolk
  6 polar bears
  A queen bee (Lair:2)
  A queen bee (shapeshifter) (D:15)
  5 wind drakes
  12 hornets
  Grinder (D:5)
  Prince Ribbit (D:5)
  24 tarantellas
  10 dream sheep
  12 snapping turtles
  10 blink frogs
  8 slime creatures (D:12)
  A fire giant simulacrum (Vaults:1)
  21 jumping spiders
  18 culicivoras
  A shadow (D:12)
  A spriggan (shapeshifter) (D:13)
  5 wraiths
  15 spriggans
  22 water elementals
  103 yaks
  4 fire bats (Volcano)
  3 air elementals
  A vampire (D:12)
  8 wargs
  2 wyverns
  3 fire elementals
  A death yak simulacrum (Lair:1)
  3 steam dragons
  A human (D:13)
  2 vampire mosquitoes (D:13)
  7 basilisks
  54 redbacks
  A harpy simulacrum (IceCv)
  Edmund (D:5)
  Duvessa (D:4)
  17 water moccasins
  2 hell hounds (Volcano)
  4 black bears
  63 orc warriors
  2 sky beasts
  A tengu (shapeshifter) (D:14)
  3 boggarts (Lair:4)
  11 ogres
  43 wolves
  4 lemures (D:4)
  11 centaurs
  3 phantoms
  5 kobold brigands
  Blork the orc (D:4)
  A gnoll sergeant (D:8)
  10 bullfrogs
  2 two-headed ogre simulacra (IceCv)
  An earth elemental (Elf:3)
  13 wights
  26 killer bees
  An elephant simulacrum (IceCv)
  Dowan (D:4)
  An electric eel (Lair:4)
  4 howler monkeys
  5 lava snakes (Volcano)
  A quasit (Sewer)
  3 gnoll boudas
  A jelly (shapeshifter) (D:8)
  A jelly (D:6)
  29 orc priests
  2 hounds
  Crazy Yiuf (D:3)
  5 iguanas
  Ijyb (D:3)
  19 orc wizards
  5 hell rats (Lair:4)
  3 polar bear simulacra
  5 spriggan simulacra (IceCv)
  Terence (D:3)
  3 wolf simulacra (IceCv)
  13 gnolls
  8 adders
  A river rat (D:4)
  2 naga simulacra (IceCv)
  6 shadow imps
  3 white imps
  6 ufetubi
  4 dart slugs
  3 ribbon worms
  89 orcs
  6 bats
  8 endoplasms
  3 giant cockroaches
  12 goblins
  12 hobgoblins
  33 kobolds
  5 quokkas
  7 ball pythons
  3 frilled lizards (D:3)
  2 kobold zombies (Sewer)
  8 rats
  A spectral goblin (D:10)
  2 tentacles (Shoals:2)
1905 creatures vanquished.

Vanquished Creatures (collateral kills)
  An ironbound thunderhulk (Vaults:3)
  A death knight (Vaults:3)
  A lindwurm (Vaults:3)
3 creatures vanquished.

Vanquished Creatures (others)
  2 great orbs of eyes (Vaults:2)
  A vault guard (D:13)
  A deep troll shaman (Depths:1)
  A two-headed ogre (shapeshifter) (Vaults:5)
  A glowing orange brain (Depths:1)
  3 ironbound convokers
  A harpy (Vaults:3)
  A deep elf pyromancer (Elf:1)
  A deep elf zephyrmancer (Elf:1)
  A lindwurm (Vaults:3)
  An iron dragon zombie (Depths:1)
  A necromancer (Vaults:3)
  2 moths of wrath (Zot:5)
  A shining eye (shapeshifter) (Vaults:5)
  A vault sentinel (Vaults:3)
  9 yaktaurs
  A tarantella (Spider:1)
  18 slime creatures
  A culicivora (Spider:2)
  A yak (Lair:4)
  A golden eye (Vaults:2)
  A human (D:13)
  2 water moccasins (Lair:4)
  3 laughing skulls
  129 jellies
  2 orc priests (Orc:2)
  2 gnolls
  An ufetubus (Vaults:1)
  3 orcs
  2 endoplasms (Sewer)
  2 kobold zombies (Sewer)
  A butterfly (Depths:1)
  3 tentacles (Shoals:2)
201 creatures vanquished.

Grand Total: 2109 creatures vanquished

Notes
Turn   | Place    | Note
-------+----------+-------------------------------------------
     0 | D:1      | snarfax the Minotaur Fighter began the quest for the Orb.
     0 | D:1      | Reached XP level 1. HP: 19/19 MP: 0/0
   142 | D:1      | Reached XP level 2. HP: 26/26 MP: 1/1
   613 | D:1      | Reached XP level 3. HP: 31/31 MP: 2/2
   703 | D:2      | Found a faded altar of an unknown god.
  1039 | D:2      | Found Jaehom's Distillery.
  1042 | D:2      | Bought a potion of curing for 30 gold pieces
  1219 | D:3      | Noticed Terence
  1229 | D:3      | Killed Terence
  1230 | D:3      | Reached XP level 4. HP: 27/39 MP: 3/3
  1360 | D:3      | Found a runed translucent door.
  1361 | D:3      | Noticed Crazy Yiuf
  1367 | D:3      | Killed Crazy Yiuf
  1430 | D:3      | Noticed Ijyb
  1448 | D:3      | Killed Ijyb
  1557 | D:3      | Found a white marble altar of Elyvilon.
  1566 | D:3      | Became a worshipper of Elyvilon the Healer
  1647 | D:3      | Reached XP level 5. HP: 33/45 MP: 4/4
  1767 | D:3      | Identified the +0 robe of Bohu {rN+ Str-5 Dex+3 Archmagi}
  2185 | D:4      | Found a large runed translucent door.
  2185 | D:4      | Found a large runed translucent door.
  2225 | D:4      | Reached * piety under Elyvilon
  2397 | D:4      | Noticed Blork the orc
  2409 | D:4      | Killed Blork the orc
  2410 | D:4      | Reached skill level 5 in Axes
  2410 | D:4      | Reached skill level 5 in Armour
  2410 | D:4      | Reached skill level 5 in Shields
  2504 | D:4      | Reached XP level 6. HP: 52/52 MP: 5/5
  2516 | D:4      | Found a glowing drain.
  2527 | Sewer    | Entered a sewer
  2558 | Sewer    | Reached ** piety under Elyvilon
  2623 | Sewer    | Found a burning altar of Makhleb.
  2931 | D:4      | Noticed Duvessa
  2933 | D:4      | Noticed Dowan
  2940 | D:4      | Reached XP level 7. HP: 56/60 MP: 6/6
  2947 | D:4      | Killed Duvessa
  2948 | D:4      | Killed Dowan
  3382 | D:4      | Noticed Arctor's ghost (amateur DEFE)
  3429 | D:4      | Noticed a yak
  3432 | D:4      | Noticed a yak
  3450 | D:4      | Killed a yak
  3451 | D:4      | Reached skill level 5 in Fighting
  3458 | D:4      | Noticed a yak
  3459 | D:4      | Noticed a yak
  3460 | D:4      | Killed a yak
  3461 | D:4      | Reached XP level 8. HP: 33/69 MP: 7/7
  4112 | D:5      | Entered Level 5 of the Dungeon
  4225 | D:5      | Noticed Grinder
  4248 | D:5      | Killed Grinder
  4253 | D:5      | Reached *** piety under Elyvilon
  4297 | D:5      | Found a staircase to the Ecumenical Temple.
  4399 | D:5      | Noticed Prince Ribbit
  4405 | D:5      | Killed Prince Ribbit
  4406 | D:5      | Reached skill level 10 in Axes
  4459 | D:5      | Reached XP level 9. HP: 79/79 MP: 8/8
  4563 | D:5      | Found a broken altar of Ashenzari.
  4571 | D:5      | Found a snail-covered altar of Cheibriados.
  4574 | D:5      | Found a shadowy altar of Dithmenos.
  4574 | D:5      | Found a hide-covered altar of Uskayaw.
  4581 | D:5      | Found a sparkling altar of Nemelex Xobeh.
  4630 | D:5      | Found a shimmering altar of Xom.
  4808 | D:5      | Noticed Edmund
  4819 | D:5      | Killed Edmund
  5102 | D:6      | Found a stormy altar of Qazlal.
  5321 | D:6      | Found Gozag's Platinum Reserve.
  5330 | D:6      | Reached **** piety under Elyvilon
  5547 | D:6      | Found an opulent altar of Gozag.
  5779 | D:7      | Was placed under penance by Elyvilon
  5964 | D:7      | Was forgiven by Elyvilon
  6079 | D:7      | Noticed a cyclops
  6101 | D:7      | Killed a cyclops
  6193 | D:7      | Reached XP level 10. HP: 90/90 MP: 9/9
  6408 | D:7      | Reached ***** piety under Elyvilon
  6482 | D:7      | Found a radiant altar of Vehumet.
  6490 | D:7      | Found an ancient bone altar of Kikubaaqudgha.
  6491 | D:7      | Found a shimmering blue altar of Sif Muna.
  6496 | D:7      | Got Sif Muna's Papyrus of Portals
  6748 | D:8      | Noticed Psyche
  6803 | D:7      | Killed Psyche
  6957 | D:8      | Found Zeriz's Weapon Shoppe.
  6968 | D:8      | Bought 4 curare-tipped darts for 76 gold pieces
  7004 | D:8      | Paralysed by a hornet for 1 turns
  7007 | D:8      | Noticed a centaur warrior
  7014 | D:8      | Noticed a gargoyle
  7100 | D:8      | Reached skill level 10 in Armour
  7288 | D:8      | Noticed a two-headed ogre
  7300 | D:8      | Killed a two-headed ogre
  7773 | D:9      | Reached skill level 10 in Fighting
  7948 | D:9      | Found a basalt altar of Yredelemnul.
  7959 | D:9      | Reached XP level 11. HP: 99/100 MP: 10/10
  8663 | D:9      | Reached skill level 15 in Axes
  8775 | D:10     | Entered Level 10 of the Dungeon
  9012 | D:10     | Found a staircase to the Orcish Mines.
  9070 | D:10     | Found a staircase to the Lair.
  9688 | D:10     | Found a hazy altar of Hepliaklqana.
 10239 | D:11     | Noticed a boulder beetle
 10253 | D:11     | Killed a boulder beetle
 10407 | D:11     | Reached XP level 12. HP: 104/112 MP: 11/11
 10749 | D:12     | Noticed a boulder beetle
 10758 | D:12     | Killed a boulder beetle
 10832 | D:12     | Found a runed translucent door.
 10833 | D:12     | Noticed Tinen's ghost (journeyman TrMo)
 11183 | D:12     | Found a hide-covered altar of Uskayaw.
 11440 | D:12     | Reached ****** piety under Elyvilon
 11902 | Lair:1   | Entered Level 1 of the Lair of Beasts
 11963 | Lair:1   | Found a frozen archway.
 12060 | Lair:1   | Reached XP level 13. HP: 78/122 MP: 12/12
 12074 | IceCv    | Entered an ice cave
 12717 | IceCv    | Noticed a reaper
 12733 | IceCv    | Killed a reaper
 13948 | Lair:1   | Reached skill level 15 in Armour
 14074 | Lair:2   | Found a dark tunnel.
 14082 | Volcano  | Entered a volcano
 14288 | Volcano  | Found a radiant altar of Vehumet.
 14468 | Volcano  | Reached skill level 15 in Fighting
 14588 | Lair:2   | Noticed Erica
 14611 | Lair:2   | Killed Erica
 15306 | Lair:2   | Reached XP level 14. HP: 121/135 MP: 13/13
 15900 | Lair:5   | Entered Level 5 of the Lair of Beasts
 16872 | Lair:4   | Reached skill level 10 in Shields
 17728 | Lair:5   | Found the +8 orange crystal plate armour {Archmagi, Int+3
                  | Clar}
 17738 | Lair:5   | Paralysed by a hornet for 2 turns
 18038 | Lair:5   | Found a staircase to the Slime Pits.
 18039 | Lair:5   | Found a viscous altar of Jiyva.
 18047 | Lair:5   | Fell from the grace of Elyvilon
 18047 | Lair:5   | Became a worshipper of Jiyva Jolukloc the Shapeless
 18966 | Lair:4   | Reached * piety under Jiyva
 19327 | Lair:3   | Found a hole to the Spider Nest.
 19387 | Lair:3   | Reached ** piety under Jiyva
 19560 | Lair:3   | Found a staircase to the Shoals.
 20083 | Lair:2   | Reached XP level 15. HP: 147/147 MP: 14/14
 20098 | Lair:2   | Found a blossoming altar of Fedhas.
 20276 | Lair:2   | Reached *** piety under Jiyva
 20569 | D:13     | Gained mutation: You are covered in fur. (AC +1) [Jiyva's
                  | grace]
 20569 | D:13     | Gained mutation: You are covered in thick fur. (AC +2)
                  | [Jiyva's grace]
 20569 | D:13     | Gained mutation: Your thick and shaggy fur keeps you warm.
                  | (AC +3, rC+) [Jiyva's grace]
 20569 | D:13     | Gained mutation: You have a small jelly attached to you
                  | that may absorb projectiles. [Jiyva's grace]
 20982 | D:13     | Found a gate to the Vaults.
 21293 | D:13     | Reached **** piety under Jiyva
 21816 | D:14     | Found a sacrificial altar of Ru.
 22112 | D:15     | Entered Level 15 of the Dungeon
 22114 | D:15     | Reached ***** piety under Jiyva
 22621 | D:15     | Noticed a fire giant
 22634 | D:15     | Killed a fire giant
 22646 | D:15     | Found a staircase to the Depths.
 22869 | Orc:1    | Entered Level 1 of the Orcish Mines
 22889 | Orc:1    | Gained mutation: Your rubbery body absorbs attacks. (AC +1,
                  | EV +1) [Jiyva's grace]
 22889 | Orc:1    | Gained mutation: Your pliable body absorbs attacks. (AC +2,
                  | EV +2) [Jiyva's grace]
 22889 | Orc:1    | Gained mutation: Your gelatinous body deflects attacks. (AC
                  | +3, EV +3) [Jiyva's grace]
 22889 | Orc:1    | Gained mutation: Your movements are slightly less
                  | encumbered by armour. (ER -2) [Jiyva's grace]
 22995 | Orc:1    | Noticed Urug
 23013 | Orc:1    | Killed Urug
 23036 | Orc:1    | Noticed Maurice
 23050 | Orc:1    | Killed Maurice
 23463 | Orc:2    | Entered Level 2 of the Orcish Mines
 23770 | Orc:2    | Found Siozu's Magic Scroll Emporium.
 23790 | Orc:2    | Bought a scroll of teleportation for 33 gold pieces
 23790 | Orc:2    | Bought a scroll of teleportation for 33 gold pieces
 23797 | Orc:2    | Found Vucemmiu's General Store.
 23820 | Orc:2    | Bought a scroll of enchant weapon for 112 gold pieces
 24111 | Orc:2    | Reached XP level 16. HP: 159/159 MP: 15/15
 24124 | Orc:2    | Paralysed by an orc sorcerer for 4 turns
 24132 | Orc:2    | Paralysed by an orc sorcerer for 4 turns
 24317 | Orc:2    | Found a staircase to the Elven Halls.
 24546 | Orc:2    | Found Igehaoq's Armour Boutique.
 24573 | Orc:2    | Bought a +1 pair of boots of flying for 214 gold pieces
 24666 | Orc:2    | Found Leodaef's Book Shop.
 24741 | Orc:2    | Gained mutation: Your flesh is heat resistant. (rF+)
                  | [Jiyva's grace]
 24741 | Orc:2    | Gained mutation: Your flesh is very heat resistant. (rF++)
                  | [Jiyva's grace]
 24741 | Orc:2    | Gained mutation: Your flesh is almost immune to the effects
                  | of heat. (rF+++) [Jiyva's grace]
 24741 | Orc:2    | Gained mutation: Your flesh is cold resistant. (rC+)
                  | [Jiyva's grace]
 24992 | Shoals:1 | Entered Level 1 of the Shoals
 25428 | Shoals:1 | Found Ysuunij's Weapon Shoppe.
 25759 | Shoals:2 | Reached ****** piety under Jiyva
 25891 | Shoals:2 | Reached skill level 15 in Shields
 26088 | Shoals:2 | Identified the +2 dagger of Excruciating Pain {flame, rPois
                  | Will- Int+2 Dex+3}
 26225 | Shoals:2 | Noticed a kraken
 26236 | Shoals:2 | Killed a kraken
 26349 | Shoals:2 | Found Zackigra's Assorted Antiques.
 26358 | Shoals:2 | Bought a metallic amethyst potion for 38 gold pieces
 26359 | Shoals:2 | Bought a scroll of enchant weapon for 322 gold pieces
 26562 | Shoals:3 | Lost mutation: Your thick and shaggy fur keeps you warm.
                  | (AC +3, rC+) [Jiyva's grace]
 26562 | Shoals:3 | Lost mutation: Your gelatinous body deflects attacks. (AC
                  | +3, EV +3) [Jiyva's grace]
 26562 | Shoals:3 | Lost mutation: Your pliable body absorbs attacks. (AC +2,
                  | EV +2) [Jiyva's grace]
 26562 | Shoals:3 | Gained mutation: You have large cloven feet. [Jiyva's
                  | grace]
 26562 | Shoals:3 | Gained mutation: You have hoof-like feet. [Jiyva's grace]
 26562 | Shoals:3 | Gained mutation: You have hooves in place of feet. [Jiyva's
                  | grace]
 26562 | Shoals:3 | Gained mutation: Armour fits poorly on your pseudopods.
                  | [Jiyva's grace]
 26563 | Shoals:3 | Found a runed translucent door.
 26563 | Shoals:3 | Found a shimmering altar of Xom.
 26563 | Shoals:3 | Noticed juan097's ghost (adept TeBr)
 26660 | Shoals:3 | Killed juan097's ghost
 26662 | Shoals:3 | Identified the +1 glaive "Hell-Harrower" {vamp, rC- rCorr
                  | Str+2}
 26976 | Shoals:4 | Entered Level 4 of the Shoals
 27095 | Shoals:4 | Reached XP level 17. HP: 171/172 MP: 16/16
 27123 | Shoals:4 | Got a barnacled rune of Zot
 27241 | Slime:1  | Entered Level 1 of the Pits of Slime
 27241 | Slime:1  | Noticed an acid blob
 27264 | Slime:1  | Noticed an acid blob
 27290 | Slime:4  | Noticed Dissolution
 27294 | Slime:5  | Entered Level 5 of the Pits of Slime
 27317 | Slime:5  | Identified the +8 flail of the Apocalypse {speed, rF+ rC-
                  | Dex+3}
 27327 | Slime:5  | Noticed the Royal Jelly
 27328 | Slime:5  | Identified the staff "Qyissao" {*Slow rPois Dex+5 Conj}
 27332 | Slime:5  | Noticed an acid blob
 27336 | Slime:5  | Got the Grimoire of the Lungs
 27375 | Slime:5  | Noticed an acid blob
 27381 | Slime:5  | Found the +4 robe of Folly {Brill Will-∞ Int+8}
 27386 | Slime:5  | Got a starry gem with 457 turns to spare
 27388 | Slime:5  | Got a slimy rune of Zot
 27391 | Slime:5  | Identified the +0 plate armour of Mumblety Peg {rC++}
 27439 | Slime:5  | Identified the +10 rapier "Usmeph" {freeze, Str+2}
 27441 | Slime:5  | Identified the +5 hand axe "Romaiph" {freeze, rPois rF-
                  | rCorr Int+7}
 27445 | Slime:5  | Identified the +3 buckler of the Valley of Death {rPois
                  | rC+++ Slay+2 Stlth-}
 27462 | Slime:5  | Noticed an acid blob
 27482 | Slime:5  | Noticed an acid blob
 27496 | Slime:5  | Identified the ring of Mirhof {Fly rElec rF- rCorr SInv}
 27507 | Slime:5  | Noticed an acid blob
 27623 | Spider:1 | Entered Level 1 of the Spider Nest
 27945 | Spider:2 | Found a transporter.
 27946 | Spider:2 | Noticed Sobieck's ghost (adept SpHu)
 27954 | Spider:2 | Found a transporter.
 28194 | Spider:4 | Entered Level 4 of the Spider Nest
 28295 | Spider:4 | Lost mutation: You have hooves in place of feet. [Jiyva's
                  | grace]
 28295 | Spider:4 | Lost mutation: Your flesh is cold resistant. (rC+) [Jiyva's
                  | grace]
 28295 | Spider:4 | Lost mutation: Your flesh is almost immune to the effects
                  | of heat. (rF+++) [Jiyva's grace]
 28295 | Spider:4 | Lost mutation: You have a small jelly attached to you that
                  | may absorb projectiles. [Jiyva's grace]
 28295 | Spider:4 | Gained mutation: Your melee attacks may engulf your foes in
                  | ooze. [Jiyva's grace]
 28295 | Spider:4 | Gained mutation: You are covered in slimy tendrils that may
                  | disarm your opponents. [Jiyva's grace]
 28295 | Spider:4 | Gained mutation: You are robust. (+10% HP) [Jiyva's grace]
 28295 | Spider:4 | Gained mutation: You are very robust. (+20% HP) [Jiyva's
                  | grace]
 28464 | Spider:4 | Got a milky-white gem with 1614 turns to spare
 28480 | Spider:4 | Got a gossamer rune of Zot
 28835 | Spider:2 | Identified the +9 long sword of the Vestibule of Hell
                  | {venom, Will- Str+4 Stlth+}
 28989 | Spider:2 | Paralysed by a hornet for 3 turns
 29024 | Spider:2 | Killed Sobieck's ghost
 29027 | Spider:2 | Identified the +5 pair of gloves "Ufuy" {Fly rPois Dex+6
                  | Stlth-}
 29806 | Spider:4 | Found a runed translucent door.
 29807 | Spider:4 | Noticed Marethyu's ghost (adept GrFi)
 29845 | Spider:4 | Killed Marethyu's ghost
 29884 | Spider:4 | Reached XP level 18. HP: 222/222 MP: 3/17
 29955 | Spider:4 | Gained mutation: You have hidden genetic defects.
                  | [mutagenic glow]
 30302 | Spider:4 | Found the +3 Mad Mage's Maulers {Infuse+∞ VampMP -Cast}
 30500 | Spider:1 | Lost mutation: Your flesh is very heat resistant. (rF++)
                  | [Jiyva's grace]
 30500 | Spider:1 | Lost mutation: You are very robust. (+20% HP) [Jiyva's
                  | grace]
 30500 | Spider:1 | Lost mutation: You are covered in thick fur. (AC +2)
                  | [Jiyva's grace]
 30500 | Spider:1 | Lost mutation: Your rubbery body absorbs attacks. (AC +1,
                  | EV +1) [Jiyva's grace]
 30500 | Spider:1 | Lost mutation: You are covered in slimy tendrils that may
                  | disarm your opponents. [Jiyva's grace]
 30500 | Spider:1 | Gained mutation: You have hooves in place of feet. [Jiyva's
                  | grace]
 30500 | Spider:1 | Gained mutation: You have acidic saliva. [Jiyva's grace]
 30500 | Spider:1 | Gained mutation: You passively map a small area around you.
                  | [Jiyva's grace]
 30500 | Spider:1 | Gained mutation: You passively map the area around you.
                  | [Jiyva's grace]
 31343 | Vaults:1 | Entered Level 1 of the Vaults
 31411 | Vaults:1 | Gained mutation: You are dopey. (Int -2) [hidden defects]
 31412 | Vaults:1 | Found a portal to a secret trove of treasure.
 31680 | Vaults:3 | Noticed a tentacled monstrosity
 31688 | Vaults:3 | Killed a tentacled monstrosity
 31747 | Vaults:3 | Gained mutation: Your body sometimes deteriorates upon
                  | taking damage. [hidden defects]
 31747 | Vaults:3 | Lost mutation: You have hidden genetic defects. [hidden
                  | defects expressed]
 31892 | Vaults:4 | Lost mutation: You have hooves in place of feet. [Jiyva's
                  | grace]
 31892 | Vaults:4 | Lost mutation: You are dopey. (Int -2) [Jiyva's grace]
 31892 | Vaults:4 | Lost mutation: You are robust. (+10% HP) [Jiyva's grace]
 31892 | Vaults:4 | Lost mutation: Armour fits poorly on your pseudopods.
                  | [Jiyva's grace]
 31892 | Vaults:4 | Gained mutation: You passively dampen the noise of your
                  | surroundings. [Jiyva's grace]
 31892 | Vaults:4 | Gained mutation: You are agile. (Dex +4, Str/Int -1)
                  | [Jiyva's grace]
 31892 | Vaults:4 | Gained mutation: You are very agile. (Dex +8, Str/Int -2)
                  | [Jiyva's grace]
 31892 | Vaults:4 | Gained mutation: Your rubbery body absorbs attacks. (AC +1,
                  | EV +1) [Jiyva's grace]
 32128 | Vaults:5 | Entered Level 5 of the Vaults
 32140 | Vaults:5 | Reached XP level 19. HP: 198/198 MP: 18/18
 32461 | Vaults:5 | Identified the +5 rapier "Tosuaqacw" {protect, rN+}
 32469 | Vaults:5 | Identified the +10 long sword "Fuesuqapp" {freeze, Dex+7}
 32720 | Vaults:5 | Found Qokkyo Ennut's Antique Weapon Emporium.
 32731 | Vaults:5 | Got the Papyrus of Massed Exhumation
 32736 | Vaults:5 | Identified the +13 chain mail of Aplov {rN+}
 32800 | Vaults:5 | Noticed a dread lich
 32821 | Vaults:5 | Paralysed by a dread lich for 3 turns
 32827 | Vaults:5 | Killed a dread lich
 32869 | Vaults:5 | Reached XP level 20. HP: 120/211 MP: 19/19
 32882 | Vaults:5 | Got a shining gem with 2360 turns to spare
 32922 | Vaults:5 | Got a silver rune of Zot
 33009 | Vaults:5 | Found Cuoraqiw's Distillery.
 33009 | Vaults:5 | Found Qioladdy's Jewellery Boutique.
 33053 | Vaults:5 | Bought 2 potions of haste for 400 gold pieces
 33053 | Vaults:5 | Bought a potion of heal wounds for 100 gold pieces
 33082 | Vaults:5 | Identified the +2 triple crossbow "Oleimoank" {speed, rC++
                  | Dex+5}
 33157 | Vaults:5 | Noticed a golden dragon
 33170 | Vaults:5 | Killed a golden dragon
 33284 | Vaults:5 | Noticed Jory
 33300 | Vaults:5 | Killed Jory
 33340 | Vaults:5 | Identified the orb "Decliac" {light, Stlth+}
 33340 | Vaults:5 | Noticed Frederick
 33354 | Vaults:5 | Killed Frederick
 33784 | Vaults:4 | Reached skill level 1 in Dodging
 34026 | Vaults:4 | Lost mutation: You are very agile. (Dex +8, Str/Int -2)
                  | [Jiyva's grace]
 34026 | Vaults:4 | Lost mutation: Your body sometimes deteriorates upon taking
                  | damage. [Jiyva's grace]
 34026 | Vaults:4 | Lost mutation: You passively dampen the noise of your
                  | surroundings. [Jiyva's grace]
 34026 | Vaults:4 | Gained mutation: You have hooves in place of feet. [Jiyva's
                  | grace]
 34026 | Vaults:4 | Gained mutation: You passively map a large area around you.
                  | [Jiyva's grace]
 34026 | Vaults:4 | Gained mutation: Armour fits poorly on your pseudopods.
                  | [Jiyva's grace]
 34026 | Vaults:4 | Gained mutation: Armour fits poorly on your large
                  | pseudopods. [Jiyva's grace]
 34420 | Vaults:3 | Identified the maw talisman "Gettafups" {Str+3}
 34496 | Vaults:3 | Paralysed by a sphinx for 2 turns
 34633 | Vaults:3 | Found Jumiotar's General Store.
 34652 | Vaults:3 | Bought a potion of haste for 170 gold pieces
 34652 | Vaults:3 | Bought a scroll of teleportation for 51 gold pieces
 34652 | Vaults:3 | Bought a scroll of teleportation for 51 gold pieces
 34702 | Vaults:3 | Identified the +10 arbalest of a Million Artisans {penet,
                  | rElec Will+ Str+2}
 34750 | Vaults:3 | Found a staircase to the Crypt.
 35140 | Vaults:3 | Lost mutation: You have hooves in place of feet. [Jiyva's
                  | grace]
 35140 | Vaults:3 | Lost mutation: You are agile. (Dex +4, Str/Int -1) [Jiyva's
                  | grace]
 35140 | Vaults:3 | Lost mutation: Armour fits poorly on your large pseudopods.
                  | [Jiyva's grace]
 35140 | Vaults:3 | Gained mutation: Armour fits poorly on your large
                  | pseudopods. [Jiyva's grace]
 35140 | Vaults:3 | Gained mutation: Armour fits poorly on your massive
                  | pseudopods. [Jiyva's grace]
 35140 | Vaults:3 | Gained mutation: Your translucent skin slightly reduces
                  | your foes' accuracy. (Stealth+) [Jiyva's grace]
 35140 | Vaults:3 | Gained mutation: Your translucent skin reduces your foes'
                  | accuracy. (Stealth+) [Jiyva's grace]
 35450 | Vaults:2 | Noticed Xtahua
 35457 | Vaults:2 | Paralysed by Xtahua for 4 turns
 35471 | Vaults:2 | Noticed Mennas
 35473 | Vaults:2 | Killed Xtahua
 35507 | Vaults:2 | Killed Mennas
 35568 | Vaults:2 | Reached skill level 5 in Dodging
 35844 | Vaults:2 | Identified the +6 scimitar of the Lame Duck {elec, *Rage
                  | rC+ Str+2 Stlth+}
 35921 | Vaults:2 | Reached XP level 21. HP: 223/223 MP: 20/20
 36461 | Vaults:2 | Lost mutation: You have hoof-like feet. [Jiyva's grace]
 36461 | Vaults:2 | Lost mutation: Your flesh is heat resistant. (rF+) [Jiyva's
                  | grace]
 36461 | Vaults:2 | Lost mutation: Your melee attacks may engulf your foes in
                  | ooze. [Jiyva's grace]
 36461 | Vaults:2 | Gained mutation: You have hidden genetic potential.
                  | [Jiyva's grace]
 36461 | Vaults:2 | Gained mutation: You have great hidden genetic potential.
                  | [Jiyva's grace]
 36461 | Vaults:2 | Gained mutation: You are agile. (Dex +4, Str/Int -1)
                  | [Jiyva's grace]
 36461 | Vaults:2 | Gained mutation: You are very agile. (Dex +8, Str/Int -2)
                  | [Jiyva's grace]
 36783 | Vaults:1 | Reached skill level 27 in Fighting
 37041 | Vaults:1 | You are sucked into a shaft and drop 1 floor!
 37811 | Elf:1    | Entered Level 1 of the Elven Halls
 37867 | Elf:1    | Paralysed by an air elemental for 1 turns
 37871 | Elf:1    | Paralysed by an air elemental for 1 turns
 37877 | Elf:1    | Found Sucsuro's Specific Store.
 37880 | Elf:1    | Found Odotian's General Store.
 38042 | Elf:1    | Lost mutation: You are very agile. (Dex +8, Str/Int -2)
                  | [Jiyva's grace]
 38042 | Elf:1    | Lost mutation: Your rubbery body absorbs attacks. (AC +1,
                  | EV +1) [Jiyva's grace]
 38042 | Elf:1    | Gained mutation: You are partially covered in iridescent
                  | scales. (AC +2) [Jiyva's grace]
 38042 | Elf:1    | Gained mutation: You are mostly covered in iridescent
                  | scales. (AC +4) [Jiyva's grace]
 38042 | Elf:1    | Gained mutation: You are completely covered in iridescent
                  | scales. (AC +6) [Jiyva's grace]
 38042 | Elf:1    | Gained mutation: You have a somewhat thin skeletal
                  | structure. (Dex +2, Stealth+) [Jiyva's grace]
 38242 | Elf:2    | Found a runed translucent door.
 38288 | Elf:3    | Entered Level 3 of the Elven Halls
 38349 | Elf:3    | Found Fate's Distillery.
 38692 | Elf:3    | Identified the +10 sling of Putrescence {freeze, ^Drain rC+
                  | rCorr Stlth+}
 38692 | Elf:3    | Identified the ring "Tific" {Fire Fly rCorr Str+7 Slay-6}
 38747 | Elf:3    | Reached skill level 10 in Dodging
 38921 | Elf:3    | Got a shimmering gem with 694 turns to spare
 38970 | Elf:3    | Identified the ring "Meppotiu" {rC+++ rN+ Will- Str+6
                  | Int-5}
 38970 | Elf:3    | Identified the +0 troll leather armour of Death's Door
                  | {Harm rElec Will+ Regen+}
 38987 | Elf:3    | Identified the +3 pair of gloves of Proximity {*Slow rN+
                  | Regen+ Str+3 Slay+2}
 38998 | Elf:3    | Identified the +12 plate armour "Vupeih" {rC+}
 39367 | Elf:2    | Noticed Nezug's ghost (adept DsSh)
 39399 | Elf:2    | Killed Nezug's ghost
 39515 | Elf:2    | Got the Spellbook of the Hindering Alembic
 39542 | Elf:2    | Reached skill level 27 in Armour
 39815 | Elf:2    | Found a runed translucent gate.
 39816 | Elf:2    | Found a runed translucent gate.
 39816 | Elf:2    | Found a runed translucent gate.
 39830 | Elf:2    | Reached XP level 22. HP: 233/233 MP: 21/21
 39876 | Elf:2    | Gained mutation: You are partially covered in large bone
                  | plates. (SH +4) [hidden potential]
 39899 | Elf:2    | Lost mutation: You are partially covered in large bone
                  | plates. (SH +4) [Jiyva's grace]
 39899 | Elf:2    | Lost mutation: You passively map a large area around you.
                  | [Jiyva's grace]
 39899 | Elf:2    | Lost mutation: You are covered in fur. (AC +1) [Jiyva's
                  | grace]
 39899 | Elf:2    | Gained mutation: You have supernaturally acute eyesight.
                  | (SInv) [Jiyva's grace]
 39899 | Elf:2    | Lost mutation: You have great hidden genetic potential.
                  | [Jiyva's grace]
 39899 | Elf:2    | Lost mutation: You have hidden genetic potential. [Jiyva's
                  | grace]
 39899 | Elf:2    | Gained mutation: You are somewhat resistant to further
                  | mutation. [Jiyva's grace]
 39899 | Elf:2    | Gained mutation: You are somewhat resistant to both further
                  | mutation and mutation removal. [Jiyva's grace]
 39899 | Elf:2    | Gained mutation: You are almost entirely resistant to
                  | further mutation and mutation removal. [Jiyva's grace]
 40034 | Elf:2    | Identified the blade talisman "Iloysaph" {Int+2}
 40168 | Elf:1    | Got Gihuam's Catalogue of Sidekicks
 40271 | Elf:1    | Identified the +2 robe of Circular Logic {*Slow Will- MP+9
                  | Dex+6}
 40293 | Elf:1    | Identified the staff "Jiudyf" {rPois rF++ rC+ Int-2 Ice
                  | Air}
 40323 | Elf:1    | Found a runed translucent gate.
 40323 | Elf:1    | Found a runed translucent gate.
 40323 | Elf:1    | Found a runed translucent gate.
 40323 | Elf:1    | Found a runed translucent gate.
 40323 | Elf:1    | Found a runed translucent gate.
 40324 | Elf:1    | Found a runed translucent gate.
 40950 | Depths:1 | Entered Level 1 of the Depths
 40966 | Depths:1 | Identified the +0 hand axe of Jeif {vamp, rC+ Str+3 Int-3
                  | Dex+7}
 41039 | Depths:1 | Found Ediadosh's Jewellery Shoppe.
 41044 | Depths:1 | Found Uhamn's Assorted Antiques.
 41044 | Depths:1 | Found Vein's Jewellery Shoppe.
 41051 | Depths:1 | Found Sudoegh's Armour Shoppe.
 41214 | Depths:1 | Noticed Sojobo
 41241 | Depths:1 | Killed Sojobo
 41242 | Depths:1 | Reached skill level 15 in Dodging
 41498 | Depths:2 | Found a gateway to Hell.
 41542 | Depths:2 | Identified the +0 chain mail "Eschiets" {Dex+4}
 41545 | Depths:2 | Found Nuitravi's One-of-a-Kind Books.
 41690 | Depths:3 | Found a one-way gate to the infinite horrors of the Abyss.
 41722 | Depths:4 | Entered Level 4 of the Depths
 41743 | Depths:4 | Identified the +3 robe "Seinusa" {rElec}
 41747 | Depths:4 | Noticed Margery
 41769 | Depths:4 | Killed Margery
 41862 | Depths:4 | Lost mutation: You are completely covered in iridescent
                  | scales. (AC +6) [Jiyva's grace]
 41862 | Depths:4 | Lost mutation: You are mostly covered in iridescent scales.
                  | (AC +4) [Jiyva's grace]
 41862 | Depths:4 | Lost mutation: You have supernaturally acute eyesight.
                  | (SInv) [Jiyva's grace]
 41862 | Depths:4 | Lost mutation: You are almost entirely resistant to further
                  | mutation and mutation removal. [Jiyva's grace]
 41862 | Depths:4 | Lost mutation: Armour fits poorly on your massive
                  | pseudopods. [Jiyva's grace]
 41862 | Depths:4 | Lost mutation: Your translucent skin reduces your foes'
                  | accuracy. (Stealth+) [Jiyva's grace]
 41862 | Depths:4 | Lost mutation: Your translucent skin slightly reduces your
                  | foes' accuracy. (Stealth+) [Jiyva's grace]
 41862 | Depths:4 | Gained mutation: Your flesh is cold resistant. (rC+)
                  | [Jiyva's grace]
 41862 | Depths:4 | Gained mutation: Your flesh is very cold resistant. (rC++)
                  | [Jiyva's grace]
 41862 | Depths:4 | Gained mutation: Your flesh is almost immune to the effects
                  | of cold. (rC+++) [Jiyva's grace]
 41862 | Depths:4 | Gained mutation: You are mostly covered in iridescent
                  | scales. (AC +4) [Jiyva's grace]
 42001 | Depths:4 | Found Aebunosa's Alliterative Armaments.
 42103 | Depths:4 | Noticed Boris
 42116 | Depths:4 | Killed Boris
 42236 | Depths:4 | Found Suegur's Book Boutique.
 42236 | Depths:4 | Found Dumm's Jewellery Shop.
 42258 | Depths:4 | Bought an amulet of reflection for 570 gold pieces
 42402 | Depths:4 | Found a gate to the Realm of Zot.
 42408 | Depths:4 | Got a midnight gem with 1640 turns to spare
 42497 | Zot:1    | Entered Level 1 of the Realm of Zot
 42523 | Zot:1    | Reached XP level 23. HP: 229/240 MP: 22/22
 42843 | Zot:5    | Entered Level 5 of the Realm of Zot
 42962 | Zot:5    | Got a prismatic gem with 578 turns to spare
 43297 | Zot:4    | Lost mutation: You have a somewhat thin skeletal structure.
                  | (Dex +2, Stealth+) [Jiyva's grace]
 43297 | Zot:4    | Lost mutation: Your flesh is almost immune to the effects
                  | of cold. (rC+++) [Jiyva's grace]
 43297 | Zot:4    | Lost mutation: You passively map the area around you.
                  | [Jiyva's grace]
 43297 | Zot:4    | Gained mutation: You have a somewhat thin skeletal
                  | structure. (Dex +2, Stealth+) [Jiyva's grace]
 43297 | Zot:4    | Gained mutation: You have a moderately thin skeletal
                  | structure. (Dex +4, Stealth++) [Jiyva's grace]
 43297 | Zot:4    | Gained mutation: You have an unnaturally thin skeletal
                  | structure. (Dex +6, Stealth+++) [Jiyva's grace]
 43297 | Zot:4    | Gained mutation: You possess an exceptional clarity of
                  | mind. [Jiyva's grace]
 43736 | Zot:5    | Noticed an orb of fire
 43944 | Zot:5    | Noticed a Killer Klown
 43947 | Zot:5    | Noticed an ancient lich
 43950 | Zot:5    | Noticed an orb of fire
 43950 | Zot:5    | Noticed a Killer Klown
 43951 | Zot:5    | Noticed an orb of fire
 43955 | Zot:5    | Noticed an orb of fire
 43987 | Zot:5    | Noticed an ancient lich
 43989 | Zot:5    | Killed a Killer Klown
 44005 | Zot:5    | Noticed an orb of fire
 44009 | Zot:5    | Killed an ancient lich
 44017 | Zot:5    | Gained mutation: Your health recovers twice as slowly from
                  | being drained. [an orb of fire]
 44019 | Zot:5    | Killed from afar by an orb of fire

Illustrated notes

Levels and vault maps discovered:
D:1:      orjb1_clovarrival, layout_loops_ring
D:2:      minmay_angry_zag, layout_rooms, dreamdust_ecumenical_altar_grove,
          serial_shops, nicolae_shop_real_fake_doors, interstate_on_off
D:3:      minmay_spotlight, layout_loops_ring, lemuel_round_altar, uniq_terence,
          uniq_ijyb, uniq_crazy_yiuf_cottage
D:4:      layout_basic, ebering_ghost_disaster_area, gup_sewer_entry_bubbles,
          hangedman_minor_gate_pass, uniq_blork_the_orc, uniq_pikel,
          uniq_duvessa
D:5:      layout_basic, mainiacjoe_overflow_alcove_2,
          nicolae_overflow_hallway_of_the_gods,
          minmay_temple_entry_drinking_statues, minmay_stone_trees_small,
          uniq_grinder, uniq_edmund, uniq_prince_ribbit1
D:6:      layout_cave_pools, nicolae_gozag_zags_fifth_avenue,
          grunt_qazlal_clouds
D:7:      layout_basic, grunt_temple_overflow_magic_moments
D:8:      minmay_ornate_pinched, layout_rooms, serial_shops,
          nicolae_shop_tiny_waterfront, uniq_psyche
D:9:      layout_basic, kennysheep_mini
D:10:     layout_roguey, nicolae_hepliaklqana_monster_ancestors,
          erik_lair_orcish_takeover, david_orc_3
D:11:     layout_stronghold
D:12:     layout_roguey, hellmonk_ghost_happy_afterlife,
          eat_drink_and_be_merry_uskayaw
D:13:     layout_basic, hellmonk_vaults_keyhole
D:14:     layout_irregular_city, nicolae_ru_path_of_blood
D:15:     hellmonk_depths_entry_around_the_bend, layout_rooms,
          chequers_serial_rivers_room_a
Lair:1:   layout_hall_layers, portal_ice_cave_entry_ice_simulacra,
          chequers_serial_rivers_micro_a, grunt_megastairs_3,
          infiniplex_staircase_pool_2
Lair:2:   layout_hall_layers, basic_altar, special_room [special_room_bee],
          lightli_volcano_entry_magma_tube, minmay_stone_trees_medium,
          serial_bayou_shore_b, uniq_erica
Lair:3:   layout_cave_pods, minmay_shoals_entry_lonely_mermaid,
          dummy_spider_entry, grunt_megastairs_1
Lair:4:   statuecave_lemuel, layout_concentric_octagons, forest_entry_grove
Lair:5:   minmay_lair_end_enchanted_forest, layout_regular_city, slime_entry_1,
          grunt_forest_small_clearings, grunt_megastairs_2
Shoals:1: layout_shoals, serial_shops, shop
Shoals:2: layout_shoals, serial_shops, nicolae_lakefront_shop,
          nicolae_shoals_former_cling_halls
Shoals:3: layout_shoals, ebering_ghost_xom
Shoals:4: shoals_end_simple, layout_shoals, uniq_mara
Spider:1: layout_chambers, nicolae_spider_some_kinda_spiderbox
Spider:2: layout_spider_delve, gammafunk_ghost_berserking_beasts
Spider:3: layout_cave_pods
Spider:4: guppyfry_spider_rune, gammafunk_ghost_grave
Slime:1:  cheibrodos_slime_lost_civilization_2, layout_caves
Slime:2:  layout_caves
Slime:3:  layout_caves
Slime:4:  layout_caves, nicolae_slime_getting_an_eyeful, uniq_dissolution
Slime:5:  slime_pit_nicolae_inversion
Orc:1:    layout_caves, basic_altar, elf_legates, uniq_maurice, uniq_urug
Orc:2:    pubby_orc_utopia
Elf:1:    minmay_elf_arrival_plus, layout_gridlike, minmay_elf_demonology,
          hangedman_elven_pyramids, nicolae_specific_store, orc_legates
Elf:2:    nicolae_elf_blades_crystal_corner, layout_gridlike,
          hellmonk_ghost_big_iron
Elf:3:    elf_hall_gauntlet_narrow, layout_geoelf_grid, serial_shops, shop,
          minmay_misc_feat_ornament, amcnicky_mini_rare_corridor_liquid,
          grunt_ministairs_2
Vaults:1: hangedman_vaults_slice, v_alt_pattern_4,
          nicolae_vaults_storage_closets_2, nicolae_vaults_security_offices_6,
          hangedman_vaults_corner, nicolae_vaults_layer_cake_slice,
          ontoclasm_vaults_decontamination, vaults_room_stairs_pillars,
          nicolae_vaults_variable_pillar_hall_cross,
          nicolae_vaults_weapon_check, v_misc_33,
          nicolae_vaults_little_squares_1, nicolae_vaults_sesquioval_fish,
          nicolae_vaults_asterisk, nicolae_vaults_trapezoid_3,
          ontoclasm_vaults_pinch, vaults_dpeg_hooks, serial_ice_g,
          layout_vaults_omnicross, enter_trove_5
Vaults:2: hangedman_vaults_trim, nicolae_vaults_inception_scallops,
          nicolae_vaults_storage_closets_3, nicolae_vaults_little_squares_4,
          grunt_vaults_swirl, vaults_room_hangedman_quadrants,
          layout_vaults_chaotic_city, uniq_xtahua, uniq_mennas
Vaults:3: nicolae_vaults_yaktaur_gun_rack, grunt_vaults_trifunnel,
          minmay_crypt_entry_simple_statues, v_misc_9,
          nicolae_vaults_shrinking_rooms_1, nicolae_vaults_closet_pinwheel_6,
          nicolae_vaults_tangram_2, nicolae_vaults_security_offices_3,
          nicolae_vaults_six-pack, nicolae_vaults_diagonal_hallway_9,
          nicolae_vaults_trapezoid_2, layout_vaults_omnigrid, serial_shops, shop
Vaults:4: hangedman_vaults_unwind, ontoclasm_vaults_twist,
          ontoclasm_vaults_ring_square, nicolae_vaults_ninety_degrees,
          vaults_mumra_hex, nicolae_vaults_trapezoid_layered, v_rooms_3,
          nicolae_vaults_closet_pinwheel_5, nicolae_vaults_heart-shaped_vault,
          nicolae_vaults_hexular_roomagon, nicolae_vaults_diamond_1,
          v_alt_pattern_1, nicolae_vaults_apartment_2,
          ontoclasm_vaults_ligature, layout_vaults_omnibox
Vaults:5: serial_shops, uniq_frederick, uniq_jory
Depths:1: layout_gridville, kennysheep_boxes, pf_dread_powers_of_hell,
          chequers_serial_rivers_marsh, minmay_shop_grid_forest,
          grunt_decor_clamped, grunt_decor_one_mirror,
          nicolae_elyvilon_peaceful_grove, uniq_nikola, uniq_sojobo,
          uniq_bai_suzhen
Depths:2: nicolae_cairo_tiling_large_dashed, layout_gridlike, hex_medium,
          ebering_ghost_xom, hell_entry, grunt_pan_entry_zigzag,
          nicolae_rare_books, nrook_kobold_shadow_demons
Depths:3: nzn_winding_woodlands_cross [nzn_winding_woodlands_5x15_longhouse,
          nzn_winding_woodlands_5x15_zeroes, nzn_winding_woodlands_5x15_parted,
          nzn_winding_woodlands_5x15_sidewinder,
          nzn_winding_woodlands_15x15_killbox], layout_gridlike,
          enter_ziggurat_a, infiniplex_staircase_hallway_doors, pf_coc_iceberg,
          nicolae_abyss_entry_one_way_or_another, nzn_life_drinkers,
          uniq_enchantress
Depths:4: grunt_zot_entry_pinwheel, layout_cave_pools, grunt_metal_band,
          hangedman_abyss_or_decor_passed, monkooky_shop_alliterative,
          serial_bayou_shore_b, minmay_shoptagon, uniq_boris
Zot:1:    layout_twisted_circle
Zot:2:    regret_index_infernal_bastille, layout_concentric_octagons,
          uniq_parghit
Zot:3:    dreamdust_black_sun_cult, layout_misc_corridors,
          gammafunk_ghost_abyssal_escape, grunt_megastairs_4
Zot:4:    layout_gridlike
Zot:5:    layout_cathedral_of_symmetry, nrook_zot_tub

Skill      XL: |  1  2  3  4  5  6  7  8  9 10 11 12 13 14 15 16 17 18 19 20 21 22 23 |
---------------+----------------------------------------------------------------------+-----
Axes           | 3 4 5 6 8 10 12 14 16 18 19 | 19.8
Armour         | 4 5 6 7 9 10 12 14 15 17 19 20 21 23 25 27 | 27.0
Shields        | 4 5 8 11 13 16 18 20 21 | 21.5
Fighting       | 4 5 7 8 10 11 13 15 17 18 20 22 23 25 26 27 | 27.0
Dodging        | 5 11 17 18 | 18.6

Action                     |  1- 3 |  4- 6 |  7- 9 | 10-12 | 13-15 | 16-18 | 19-21 | 22-24 || total
---------------------------+-------+-------+-------+-------+-------+-------+-------+-------++-------
  Melee: War axe           |   101 |   181 |   243 |   575 |  1428 |  1550 |  1305 |   888 ||  6271
         Headbutt          |     8 |    16 |    47 |   141 |   370 |   397 |   397 |   322 ||  1698
         Scimitar          |       |       |       |       |    46 |       |       |       ||    46
         Kick              |       |       |       |       |       |   408 |   625 |   483 ||  1516
         Pseudopods        |       |       |       |       |       |   229 |   172 |   309 ||   710
         Bite              |       |       |       |       |       |    38 |   228 |   179 ||   445
  Throw: Dart              |       |     1 |    12 |     7 |     3 |       |     9 |       ||    32
 Invoke: Heal Self         |       |       |       |     4 |     2 |       |       |       ||     6
         Purification      |       |       |       |     3 |     3 |       |       |       ||     6
         Oozemancy         |       |       |       |       |     1 |       |     5 |       ||     6
  Evoke: Wand              |       |       |       |       |       |       |     2 |       ||     2
         Phantom mirror    |       |       |       |       |       |       |     1 |       ||     1
    Use: Scroll            |     1 |     2 |    14 |    11 |    11 |    10 |     4 |     5 ||    58
         Potion            |       |       |     1 |       |     4 |     3 |     1 |       ||     9
   Stab: Distracted        |       |       |       |       |       |       |       |     2 ||     2
 Armour: Scale mail        |    24 |       |       |       |       |       |       |       ||    24
         Plate armour      |    55 |   128 |   207 |   493 |   756 |       |       |       ||  1639
         Chain mail        |     5 |       |       |       |       |       |       |       ||     5
         Skin              |       |    14 |       |       |       |       |       |       ||    14
         Crystal plate arm |       |       |       |       |   447 |   992 |   690 |   471 ||  2600
  Dodge: Dodged            |    32 |    45 |    59 |   151 |   276 |   256 |   207 |   298 ||  1324
  Block: Buckler           |    19 |    38 |    57 |   112 |    21 |       |       |       ||   247
         Tower shield      |       |       |       |       |  1333 |  1548 |  1427 |  1136 ||  5444
         Reflection        |       |       |       |       |       |       |       |     6 ||     6
